 Dungeon Crawl Stone Soup version 0.30.1-9-gdf580d7c3d (webtiles) character file.

Game seed: 16326930195106639598

533 pop123321pop the Basher (level 7, -2/57 HPs)
             Began as a Minotaur Berserker on Sept 30, 2023.
             Was a Priest of Trog.
             Slain by a black bear (5 damage)
             ... on level 5 of the Dungeon.
             The game lasted 00:06:33 (4424 turns).

pop123321pop the Basher (Minotaur Berserker)        Turns: 4424, Time: 00:06:35

Health: -2/57      AC:  8    Str: 21 (22) XL:     7   Next: 4%
Magic:  6/6        EV:  8    Int:  1 (4)  God:    Trog [***...]
Gold:   233        SH:  0    Dex: 10 (11) Spells: 6/6 levels left

rFire   . . .        a - +0 mace
rCold   . . .        (no shield)
rNeg    . . .        m - +0 chain mail
rPois   .            (helmet restricted)
rElec   .            (no cloak)
rCorr   .            (no gloves)
SInv    .            (no boots)
Will    .....        (no amulet) Stlth
                     (no ring)
HPRegen 0.29/turn    (no ring)
MPRegen 0.10/turn

%: no passive effects
@: no status effects
A: horns 2, retaliatory headbutt
a: Renounce Religion, Berserk, Trog's Hand


You were on level 5 of the Dungeon.
You worshipped Trog.
Trog was most pleased with you.
You visited 1 branch of the dungeon, and saw 5 of its levels.

You collected 233 gold pieces.

Inventory:

Hand Weapons
 a - a +0 mace (weapon)
 b - a +1 mace of pain
Armour
 m - a +0 chain mail (worn)
Jewellery
 d - an amulet of regeneration
 e - a +4 ring of protection
 f - an amulet of magic regeneration
 l - a ring of protection from cold
 o - a ring of poison resistance
Wands
 c - a wand of mindburst (16)
 g - a wand of polymorph (9)
Scrolls
 n - a scroll of enchant weapon {unknown}
 p - a scroll of vulnerability {unknown}
 q - 2 scrolls of teleportation
 t - a scroll of fog {unknown}
 u - a scroll of fear {unknown}
Potions
 h - a potion of ambrosia {unknown}
 i - a potion of brilliance {unknown}
 j - a potion of flight
 w - a potion of curing


   Skills:
 - Level 3.6 Fighting
 + Level 9.5 Maces & Flails
 - Level 2.4 Armour
 - Level 2.1 Dodging
 - Level 1.0 Stealth


You had 6 spell levels left.
You didn't know any spells.
Your spell library was empty.

Dungeon Overview and Level Annotations

Branches:
Dungeon (5/15)
 Temple: D:4-7

Altars:
Ashenzari


Innate Abilities, Weirdness & Mutations

You have a pair of horns on your head.
You reflexively headbutt those who attack you in melee.


Message History

Unknown command.
You are too injured to fight recklessly!
Unknown command.
A black bear is nearby!
You are too injured to fight recklessly!
Unknown command.
A black bear is nearby!
A black bear is nearby!
You are too injured to fight recklessly!
Unknown command.
Unknown command.
A black bear is nearby!
You are too injured to fight recklessly!
You barely miss the black bear.
The black bear is almost dead.
The black bear bites you.
The black bear claws you but does no damage. x2
You hit the black bear but do no damage.
Your headbutt misses the black bear.
The black bear is almost dead.
The black bear bites you.
The black bear claws you but does no damage.
The black bear barely misses you.
You closely miss the black bear.
The black bear is almost dead.
The black bear barely misses you.
The black bear claws you but does no damage.
The black bear claws you.
* * * LOW HITPOINT WARNING * * *
The black bear barely misses you.
The black bear claws you but does no damage.
The black bear barely misses you.
You closely miss the black bear. Your headbutt misses the black bear.
The black bear is almost dead.
The black bear bites you!
* * * LOW HITPOINT WARNING * * *
The black bear claws you.
* * * LOW HITPOINT WARNING * * *
The black bear claws you.
You die...

#...........#
########....##
#.....##.....#
#......#.....#
#......#.....#
#......#.....#
#......#.....#
#.h:..##.....#
#.@...##.....#
#.....#......#
#.....#......#
+.....#.....######
#.....##....##...#
#.....##.....#...#
#............#...#
#............'...#
#............#...#


You could see a black bear (berserk).

Vanquished Creatures
  An ogre (D:3)
  A kobold brigand (D:4)
  A jelly (D:5)
  A sleepcap (D:4)
  6 adders
  A white imp (D:4)
  3 dart slugs
  7 orcs
  4 endoplasms
  A giant cockroach (D:1)
  5 goblins
  10 hobgoblins
  7 jackals
  8 quokkas
  5 ball pythons
  7 bats
  7 frilled lizards
  10 kobolds
  4 rats
89 creatures vanquished.

Vanquished Creatures (collateral kills)
  The ghost of mortz the Digger, an amateur KoEE (D:4)
  4 kobolds (D:4)
5 creatures vanquished.

Vanquished Creatures (others)
  2 endoplasms (D:2)
  A frilled lizard (D:2)
3 creatures vanquished.

Grand Total: 97 creatures vanquished

Notes
Turn   | Place    | Note
-------+----------+-------------------------------------------
     0 | D:1      | pop123321pop the Minotaur Berserker began the quest for the
                  | Orb.
     0 | D:1      | Reached XP level 1. HP: 19/19 MP: 0/0
    88 | D:1      | Reached skill level 4 in Maces & Flails
   174 | D:1      | Reached XP level 2. HP: 24/26 MP: 1/1
   571 | D:1      | Reached skill level 5 in Maces & Flails
   886 | D:2      | Found a faded altar of an unknown god.
   931 | D:2      | Reached ** piety under Trog
   932 | D:2      | Reached XP level 3. HP: 17/31 MP: 2/2
  1274 | D:2      | Reached XP level 4. HP: 22/39 MP: 3/3
  1883 | D:2      | Reached skill level 6 in Maces & Flails
  2574 | D:3      | Found a broken altar of Ashenzari.
  2585 | D:3      | Reached skill level 1 in Stealth
  2996 | D:3      | Noticed an ogre
  3005 | D:3      | Killed an ogre
  3006 | D:3      | Reached skill level 7 in Maces & Flails
  3006 | D:3      | Reached XP level 5. HP: 16/45 MP: 4/4
  3367 | D:4      | Noticed mortz's ghost (amateur KoEE)
  3368 | D:4      | Found a runed translucent gate.
  3368 | D:4      | Found a runed translucent gate.
  3368 | D:4      | Found a runed translucent gate.
  3738 | D:4      | Reached XP level 6. HP: 51/51 MP: 5/5
  4150 | D:4      | Reached skill level 8 in Maces & Flails
  4151 | D:4      | Killed mortz's ghost
  4151 | D:4      | Reached *** piety under Trog
  4152 | D:4      | Reached skill level 9 in Maces & Flails
  4246 | D:5      | Entered Level 5 of the Dungeon
  4255 | D:5      | Reached XP level 7. HP: 41/57 MP: 6/6
  4424 | D:5      | Slain by a black bear

Illustrated notes

Levels and vault maps discovered:
D:1:      nicolae_arrival_somewhat_less_tricky_arrival, layout_loops_cross,
          serial_park_tiny_pond, minmay_stone_trees_small
D:2:      layout_basic, ebering_ecumenical_altar_abandoned, lemuel_flame_loot_1
D:3:      layout_loops_ring, evilmike_ruin_ashenzari, minmay_misc_feat_alley
D:4:      layout_basic, gammafunk_ghost_nasty_kobolds
D:5:      layout_gridville, minmay_temple_entry_mini_moons,
          dreamdust_wishing_well, minmay_manual_monstrance

Skill      XL: |  1  2  3  4  5  6 |
---------------+-------------------+-----
Maces & Flails | 4 5 7 9 |  9.5
Stealth        | 1 |  1.0
Fighting       | |  3.6
Armour         | |  2.4
Dodging        | |  2.1

Action                     |  1- 3 |  4- 6 |  7- 9 || total
---------------------------+-------+-------+-------++-------
  Melee: Mace              |    74 |   108 |    10 ||   192
         Headbutt          |     3 |    21 |     2 ||    26
         Punch             |       |     1 |       ||     1
 Invoke: Berserk           |     1 |     2 |       ||     3
    Use: Scroll            |       |     5 |       ||     5
         Potion            |       |     6 |       ||     6
   Stab: Distracted        |     1 |       |       ||     1
         Sleeping          |       |     1 |       ||     1
 Armour: Animal skin       |    15 |     7 |       ||    22
         Chain mail        |       |    27 |    14 ||    41
  Dodge: Dodged            |    57 |    56 |     7 ||   120
